 Dungeon Crawl Stone Soup version 0.29-a0-1065-g47a6bb87d6 (webtiles) character file.

Game seed: 7140285062643737689

45 Zeldest the Sneak (level 3, -15/29 HPs)
             Began as a Demonspawn Delver on Aug 19, 2022.
             Was an Initiate of Makhleb.
             Demolished by a shadow (25 damage)
             ... on level 6 of the Dungeon.
             The game lasted 00:02:20 (1006 turns).

Zeldest the Sneak (Demonspawn Delver)               Turns: 1006, Time: 00:02:20

Health: -15/29     AC:  8    Str: 14    XL:     3   Next: 42%
Magic:  4/4        EV: 11    Int: 11    God:    Makhleb [......]
Gold:   0          SH:  0    Dex: 14    Spells: 2/2 levels left

rFire   . . .      SeeInvis .     - Unarmed
rCold   . . .      Faith    .   (no shield)
rNeg    . . .      Spirit   .   e - +0 ring mail
rPois   .          Reflect  .   (helmet restricted)
rElec   .          Harm     .   (no cloak)
rCorr   .          Rampage  .   g - +2 pair of gloves
Will    .....                   (no boots)
Stlth   ++........              d - amulet of magic regeneration
HPRegen 0.09/turn               (no ring)
MPRegen 0.49/turn               (no ring)

@: no status effects
A: antennae 1
a: Renounce Religion


You were on level 6 of the Dungeon.
You worshipped Makhleb.
Makhleb was noncommittal.
You visited 2 branches of the dungeon, and saw 4 of its levels.

Inventory:

Missiles
 a - 2 atropa-tipped darts
 h - 4 poisoned darts (quivered)
Armour
 e - a +0 ring mail (worn)
 g - a +2 pair of gloves (worn)
Jewellery
 d - an amulet of magic regeneration (around neck)
Wands
 f - a wand of digging (3)
Scrolls
 b - a scroll of fog


   Skills:
 + Level 3.3 Fighting
 + Level 1.0 Armour
 - Level 1.7 Dodging
 - Level 4.5 Stealth
 * Level 2.6 Unarmed Combat
 + Level 1.6 Invocations


You had 2 spell levels left.
You didn't know any spells.
Your spell library was empty.

Dungeon Overview and Level Annotations

Branches:
Dungeon (6/15)             Temple (1/1) D:4

Altars:
Hepliaklqana
Makhleb
Qazlal
Uskayaw
Vehumet


Innate Abilities, Weirdness & Mutations

You have a pair of small antennae on your head.


Message History

Reactivating autopickup.
You hit the shadow.
The shadow is moderately damaged.
The shadow barely misses you.
You closely miss the shadow.
The shadow is moderately damaged.
The shadow misses you.
You hit the shadow but do no damage.
The shadow is moderately damaged.
The shadow hits you.
You closely miss the shadow.
The shadow is moderately damaged.
The shadow hits you.
You hit the shadow but do no damage.
The shadow is moderately damaged.
The shadow barely misses you.
You closely miss the shadow.
The shadow is moderately damaged.
The shadow slips into darkness.
The shadow flickers and vanishes!
Deactivating autopickup; reactivate with Ctrl-A.
You hit something but do no damage.
The shadow strikes at you from the darkness!
Ouch! That really hurt!
Reactivating autopickup.
You hit the shadow but do no damage.
The shadow is moderately damaged.
The shadow hits you.
You hit the shadow but do no damage.
The shadow is moderately damaged.
The shadow hits you.
You hit the shadow but do no damage.
The shadow is moderately damaged.
The shadow slips into darkness.
The shadow flickers and vanishes!
Deactivating autopickup; reactivate with Ctrl-A.
You hit something but do no damage.
The shadow strikes at you from the darkness!
Ouch! That really hurt!
You die...

******** *,,,,,,*
*,,,,,,##########
*,,,,,,#........#######
##,,,,,,#........#.....#
#".,,,,,#........#.....#
##...#####........#.....#########
...............{@.......'[...>...
##...#####........#...).#####.###
#.$,* #........#.....# #.# ##***
#........#.....# #.#
##########.....#####.###
####..........# *** #.#####.##.#
,,* #.#......#.# ,,* #.#.....##,#


There were no monsters in sight!

Vanquished Creatures
  A hound (D:6)
  An adder (D:6)
  A white imp (D:6)
3 creatures vanquished.

Notes
Turn   | Place    | Note
-------+----------+-------------------------------------------
     0 | D:5      | Zeldest the Demonspawn Delver began the quest for the Orb.
     0 | D:5      | Reached XP level 1. HP: 18/18 MP: 1/1
     4 | D:4      | Found a staircase to the Ecumenical Temple.
    12 | Temple   | Entered the Ecumenical Temple
    24 | Temple   | Became a worshipper of Makhleb the Destroyer
    33 | D:4      | Noticed a hound
    38 | D:4      | Noticed an iguana
    47 | D:4      | Noticed a scorpion
   299 | D:5      | Noticed a necrophage
   300 | D:5      | Noticed an ogre
   364 | D:6      | Noticed a hound
   379 | D:6      | Killed a hound
   380 | D:6      | Reached skill level 1 in Invocations
   380 | D:6      | Discovered your monstrous ancestry.
   380 | D:6      | Gained mutation: You have a pair of small antennae on your
                  | head. [demonic ancestry]
   380 | D:6      | Reached XP level 2. HP: 14/24 MP: 1/3
   380 | D:6      | Reached XP level 3. HP: 17/29 MP: 1/4
   526 | D:6      | Reached skill level 1 in Armour
   981 | D:6      | Noticed a shadow
  1006 | D:6      | Demolished by a shadow

Illustrated notes

Levels and vault maps discovered:
D:4:      layout_basic, minmay_temple_entry_drinking_statues
D:5:      layout_loops_corners, uniq_grinder
D:6:      layout_basic, mainiacjoe_overflow_boulevard
Temple:   eino_temple_rhombus

Skill      XL: |  1  2  3 |
---------------+----------+-----
Unarmed Combat | 2 |  2.6
Invocations    | 1 |  1.6
Armour         | 1 |  1.0
Fighting       | |  3.3
Dodging        | |  1.7
Stealth        | |  4.5

Action                   || total
-------------------------++-------
Melee: Unarmed           ||    84
Throw: Dart              ||     4
  Use: Scroll            ||     3
       Potion            ||     1
Armor: Leather armour    ||    23
       Ring mail         ||     5
Dodge: Dodged            ||    43

Table legend: (Time is in decaauts)
 A = Elapsed time spent in this place.
 B = Non-inter-level travel time spent in this place.
 C = Inter-level travel time spent in this place.
 D = Time resting spent in this place.
 E = Time spent auto-exploring this place.
 F = Levels seen in this place.
 G = Mean time per level.
                   A        B        C        D        E       F      G
               +--------+--------+--------+--------+--------+-----+--------+
         Total |    983 |    983 |      0 |    701 |      7 |   4 |  245.8 |
       Dungeon |    965 |    965 |      0 |    701 |      7 |   3 |  321.7 |
        Temple |     18 |     18 |      0 |      0 |      0 |   1 |   18.0 |
               +--------+--------+--------+--------+--------+-----+--------+

Top non-repeatable levels by time:
     D:6: 673 daAuts
     D:5: 258 daAuts
     D:4: 33 daAuts
  Temple: 18 daAuts
